 Dungeon Crawl Stone Soup version 0.27.1-4-g1640c2035a (webtiles) character file.

Game seed: 11677072397785498193

4144 tizbic2 the Carver (level 10, -23/51 HPs)
             Began as a Vine Stalker Delver on Oct 28, 2021.
             Was an Initiate of Dithmenos.
             Annihilated by a two-headed ogre (26 damage)
             ... on level 9 of the Dungeon on Nov 11, 2021.
             The game lasted 00:44:09 (5463 turns).

tizbic2 the Carver (Vine Stalker Delver)            Turns: 5463, Time: 00:44:10

Health: -23/51     AC:  8    Str: 17    XL:     10   Next: 27%
Magic:  0/11       EV: 17    Int: 10    God:    Dithmenos [......]
Gold:   370        SH:  5    Dex: 17    Spells: 9/9 levels left

rFire    . . .     SeeInvis .   a - +1 long sword (holy)
rCold    . . .     Faith    .   m - +0 buckler
rNeg     . . .     Spirit   +   F - +0 swamp dragon scales
rPois    +         Reflect  .   (no helmet)
rElec    .         Harm     .   o - +0 cloak
rCorr    .         Rampage  .   (no gloves)
Will     +....                  (no boots)
Stlth    +++.......             (no amulet)
HPRegen  1.17/turn              x - +4 ring of evasion
MPRegen  0.12/turn              (no ring)

@: no status effects
A: fangs 3, regeneration 1, magic shield, antimagic bite, no potion heal 2
a: Renounce Religion


You were on level 9 of the Dungeon.
You worshipped Dithmenos.
Dithmenos was noncommittal.
You visited 2 branches of the dungeon, and saw 10 of its levels.

You collected 370 gold pieces.

Inventory:

Hand Weapons
 a - a +1 long sword of holy wrath (weapon)
 l - a +0 falchion
 w - a +0 short sword
 E - a +0 glaive of flaming
Missiles
 f - 2 throwing nets
 h - 206 stones (quivered)
 s - 7 javelins
 t - 7 poisoned darts
 u - a curare-tipped dart
 A - 2 boomerangs
Armour
 k - a +3 ring mail
 m - a +0 buckler (worn)
 o - a +0 cloak (worn)
 F - +0 swamp dragon scales (worn)
Jewellery
 r - a ring of fire
 x - a +4 ring of evasion (left hand)
Wands
 g - a wand of digging (3)
 n - a wand of charming (10)
 q - a wand of flame (16)
 v - a wand of iceblast (9)
 y - a wand of polymorph (13)
 C - a wand of mindburst (2)
Scrolls
 b - 2 scrolls of teleportation
 c - a scroll of fog
 d - 2 scrolls of magic mapping
 e - a scroll of fear
 i - 4 scrolls of identify
 p - a scroll of brand weapon
 B - a scroll of immolation
Potions
 j - a potion of berserk rage
 z - 2 potions of lignification
 D - 2 potions of cancellation


   Skills:
 + Level 5.1 Fighting
 + Level 1.0(6.2) Short Blades
 * Level 9.9 Long Blades
 - Level 0.3 Throwing
 - Level 0.1 Armour
 * Level 5.4 Dodging
 + Level 7.4 Stealth
 - Level 4.3 Shields


You had 9 spell levels left.
You didn't know any spells.
Your spell library contained the following spells:

 Spells                   Type           Power      Damage    Failure   Level
 Shock                    Conj/Air       0%         1d3       56%         1
 Static Discharge         Conj/Air       0%         N/A       71%         2
 Sticky Flame             Conj/Fire      0%         2d3       100%        4


Dungeon Overview and Level Annotations

Branches:
Dungeon (10/15)            Temple (1/1) D:7
   Lair: D:8-11         Orc: D:9-12

Altars:
Ashenzari
Cheibriados
Dithmenos
Elyvilon
Fedhas
Gozag
Hepliaklqana
Kikubaaqudgha
Makhleb
Nemelex Xobeh
Okawaru
Qazlal
Ru
Sif Muna
Trog
Uskayaw
Vehumet
Wu Jian
Xom
Yredelemnul
The Shining One

Shops:
D:6 *

Annotations:
D:2 Sigmund


Innate Abilities, Weirdness & Mutations

You have razor-sharp teeth.
Your natural rate of healing is unusually fast.
When hurt, damage is shared between your health and your magic reserves.
Your bite disrupts and absorbs the magic of your enemies.
Potions cannot restore your health.


Message History

There is a stone staircase leading down here.
The wyvern bites you!
You climb downwards.
Found 9 gold pieces and a scroll of identify.
Found a stone staircase leading up.
There is a stone staircase leading up here.
You hit the wyvern but do no damage. You bite the wyvern, but do no damage.
The wyvern is moderately wounded.
You block the wyvern's attack. The wyvern barely misses you.
You hit the wyvern.
The wyvern is heavily wounded.
The wyvern bites you.
You slash the wyvern! You bite the wyvern, but do no damage.
The wyvern is severely wounded.
The wyvern completely misses you.
You hit the wyvern but do no damage.
The wyvern is severely wounded.
The wyvern misses you. The wyvern bites you!
You barely miss the wyvern. You bite the wyvern. You drain its power.
You feel invigorated.
The wyvern is almost dead.
The gargoyle hurls a stone arrow at you.
You block the stone arrow. The wyvern bites you! The wyvern bites you.
The wyvern bites you!
* * * LOW HITPOINT WARNING * * *
You climb upwards.
The two-headed ogre closely misses you.
You riposte.
You barely miss the two-headed ogre. You bite the two-headed ogre.
You drain its power.
You feel invigorated.
The two-headed ogre is moderately wounded.
The two-headed ogre barely misses you.
There is a stone staircase leading down, spattered with blood here.
The two-headed ogre hits you with a +0 giant club!
* * * LOW HITPOINT WARNING * * *
You block the two-headed ogre's attack. The wyvern bites you!
* * * LOW HITPOINT WARNING * * *
The two-headed ogre closely misses you.
The two-headed ogre hits you with a +0 giant club!!
Ouch! That really hurt!
You die...

#)...'.....).#,,
***###############....##.###)##,,
,,*................#####.###.##+#
,,,................# #.........
,,,$...............# #.........
,,,.......<........#####.###.##..
,,,....#########......######.##..
,,,.,,,*,,,,,,,#......#...+......
,,,,,,,*,,,,,,,#@.....#...#......
,,,,,,,*,,,,,,,#lO....#..,#......
,,*,,,,******+*#>.....#(#*#..###.
,,,,,,,,,,**,,,##...(##.####'###.
,***,,,,,,*,,,,,#....#..#........
,,,,,,,,,,*,,,,,+....#..#........
*****,,,,,****,,#....'..'.....##.
,,,,,,,,,,,,,#,,#....#######+###.
******,,,,,,,..,#..............#.


You could see a two-headed ogre and a wyvern.

Vanquished Creatures
  2 two-headed ogres (D:8)
  Maggie (D:8)
  A hornet (D:8)
  2 water moccasins
  4 black bears
  A sky beast (D:5)
  5 centaurs
  2 phantoms (D:6)
  2 kobold brigands
  A bullfrog (D:8)
  Blork the orc (D:6)
  A gnoll sergeant (D:9)
  A wyvern zombie (D:8)
  A water moccasin zombie (D:6)
  A water moccasin skeleton (D:5)
  5 killer bees (D:7)
  A centaur zombie (D:7)
  A hound (D:6)
  2 jellies
  An orc priest (D:6)
  2 bullfrog skeletons (D:6)
  3 iguanas
  An orc wizard (D:7)
  A hound skeleton (D:5)
  3 adders
  12 gnolls
  A howler monkey zombie (D:9)
  A shadow imp (D:5)
  A white imp (D:6)
  A worm (D:4)
  A dart slug (D:3)
  12 orcs
  2 giant cockroaches (D:4)
  3 goblins
  A hobgoblin (D:2)
  5 jackals
  4 kobolds
  2 ball pythons (D:4)
  4 bats
  A frilled lizard (D:2)
  A rat (D:3)
98 creatures vanquished.

Notes
Turn   | Place    | Note
-------+----------+-------------------------------------------
     0 | D:5      | tizbic2 the Vine Stalker Delver began the quest for the
                  | Orb.
     0 | D:5      | Reached XP level 1. HP: 11/11 MP: 2/2
    57 | D:5      | Reached skill level 2 in Long Blades
    57 | D:5      | Reached XP level 2. HP: 8/16 MP: 1/3
   477 | D:4      | Noticed a black bear
   564 | D:3      | Reached XP level 3. HP: 11/19 MP: 2/4
  1026 | D:2      | Noticed Sigmund
  1798 | D:4      | Noticed a black bear
  1814 | D:4      | Killed a black bear
  1815 | D:4      | Reached skill level 3 in Long Blades
  1815 | D:4      | Gained mutation: Your natural rate of healing is unusually
                  | fast. [Vine Stalker growth]
  1815 | D:4      | Reached XP level 4. HP: 20/24 MP: 5/5
  1815 | D:4      | Reached XP level 5. HP: 23/28 MP: 6/6
  2003 | D:4      | Killed a black bear
  2004 | D:4      | Reached skill level 4 in Long Blades
  2004 | D:4      | Reached XP level 6. HP: 29/32 MP: 5/7
  2086 | D:5      | Noticed a black bear
  2095 | D:5      | Killed a black bear
  2096 | D:5      | Reached skill level 1 in Shields
  2345 | D:5      | Noticed a sky beast
  2371 | D:5      | Killed a sky beast
  2379 | D:5      | Reached XP level 7. HP: 30/36 MP: 2/8
  2437 | D:5      | Reached skill level 5 in Long Blades
  2669 | D:6      | Found Siorchi's General Store.
  2876 | D:6      | Noticed Blork the orc
  2891 | D:6      | Killed Blork the orc
  2919 | D:6      | Reached skill level 6 in Long Blades
  2919 | D:6      | Gained mutation: You have razor-sharp teeth. [Vine Stalker
                  | growth]
  2919 | D:6      | Reached XP level 8. HP: 42/42 MP: 9/9
  3402 | D:6      | Reached skill level 7 in Long Blades
  3555 | D:7      | You fall into a shaft and drop 2 floors!
  3657 | D:9      | Noticed a two-headed ogre
  3762 | D:7      | Found a staircase to the Ecumenical Temple.
  3807 | Temple   | Entered the Ecumenical Temple
  3928 | Temple   | Became a worshipper of Dithmenos the Shadowed
  4029 | D:7      | Reached XP level 9. HP: 34/45 MP: 7/10
  4038 | D:7      | Reached skill level 8 in Long Blades
  4251 | D:7      | Upgraded the game from 0.27.1-3-gb3d3a73c9e to
                  | 0.27.1-4-g1640c2035a
  4529 | D:8      | Noticed a two-headed ogre
  4539 | D:8      | HP: 1/46 [two-headed ogre (12)]
  4567 | D:8      | Killed a two-headed ogre
  4568 | D:8      | Reached skill level 9 in Long Blades
  4748 | D:8      | Found a hazy altar of Hepliaklqana.
  4786 | D:8      | Found an opulent altar of Gozag.
  4799 | D:8      | Found an ornate altar of the Wu Jian Council.
  4931 | D:8      | Noticed a hornet
  4934 | D:8      | Killed a hornet
  5056 | D:8      | Reached skill level 5 in Dodging
  5056 | D:8      | Reached XP level 10. HP: 41/51 MP: 11/11
  5075 | D:8      | Noticed a two-headed ogre
  5086 | D:8      | Killed a two-headed ogre
  5087 | D:8      | Reached skill level 5 in Fighting
  5087 | D:8      | Reached skill level 1 in Short Blades
  5089 | D:8      | Noticed Maggie
  5120 | D:8      | Killed Maggie
  5160 | D:8      | Got the Handbook of the Fiery Birds
  5454 | D:10     | Entered Level 10 of the Dungeon
  5454 | D:10     | Noticed a gargoyle
  5463 | D:9      | Annihilated by a two-headed ogre

Illustrated notes

Levels and vault maps discovered:
D:2:      layout_basic, ebering_ecumenical_altar_box, basic_altar,
          minmay_misc_feat_doors, uniq_sigmund
D:3:      layout_basic
D:4:      layout_basic, gammafunk_ghost_necromancy
D:5:      layout_layer_cave, enter_ossuary_2, uniq_ijyb
D:6:      layout_loops_ring, serial_shops, nicolae_stop_n_shop_2,
          nicolae_benzene_ring, st_stairs_6, kennysheep_windowed_goal,
          uniq_blork_the_orc
D:7:      layout_basic, minmay_temple_entry_sparse_star
D:8:      layout_basic, worldfamousw_hep_ancestral_shrine,
          mainiacjoe_overflow_big_doors, uniq_maggie
D:9:      minmay_the_grid_four_pointed_star_mashed
          [minmay_the_grid_triangle_9x9_cache,
          minmay_the_grid_triangle_9x9_steps,
          minmay_the_grid_triangle_9x9_negative_grid,
          minmay_the_grid_triangle_9x9_longest,
          minmay_the_grid_prize_four_corners_diamond_a], layout_gridville,
          zin_academy, uniq_erica
D:10:     layout_rooms, lair_entry_dummy, gammafunk_ghost_grave,
          corexii_corridor_pit
Temple:   regret_index_temple_mists

Skill      XL: |  1  2  3  4  5  6  7  8  9 10 |
---------------+-------------------------------+-----
Long Blades    | 2 3 4 6 7 9 |  9.9
Dodging        | 2 3 4 5 |  5.4
Fighting       | 3 4 5 |  5.1
Shields        | 1 2 3 4 |  4.3
Stealth        | 7 |  7.4
Short Blades   | 1 |  1.0
Throwing       | |  0.3
Armour         | |  0.1

Action                   |  1- 3 |  4- 6 |  7- 9 | 10-12 || total
-------------------------+-------+-------+-------+-------++-------
Melee: Falchion          |    42 |     5 |       |       ||    47
       Bite              |    31 |     9 |   104 |    22 ||   166
       Great sword       |    34 |    15 |    40 |       ||    89
       Short sword       |       |     2 |     6 |     1 ||     9
       Long sword        |       |       |   195 |    35 ||   230
Throw: Stone             |     4 |       |     6 |       ||    10
       Dart              |       |       |     7 |       ||     7
  Use: Scroll            |     4 |       |     5 |       ||     9
       Potion            |       |       |     5 |       ||     5
 Stab: Sleeping          |     5 |     2 |     6 |     1 ||    14
Armor: Leather armour    |    11 |       |       |       ||    11
       Ring mail         |    37 |    17 |    79 |     1 ||   134
       Swamp dragon scal |       |       |       |     1 ||     1
Dodge: Dodged            |    77 |    14 |   191 |    30 ||   312
Block: Buckler           |       |       |    62 |    11 ||    73
       Rpst.: Falchion   |     2 |       |       |       ||     2
       Great sword       |    14 |     4 |    15 |       ||    33
       Long sword        |       |       |    31 |     9 ||    40
